Map: Incorporeal LE

Players

ManlyManMeat

  • Race: Zerg Zerg
  • League: Platinum
  • Spawn Location: 5:00

woody - Winner!

  • Race: Terran Terran
  • League: Master
  • Spawn Location: 11:00

VOD

Have the link to the VOD?

Description

Time

  • Played on: June 20, 2025, 11:47 a.m.
  • Length: 6:59
Show
View Real Time Build Order
Export as new Build Order

ManlyManMeat Zerg 

Build Orders: Hatch First 

Get SALT Encoding   

  12  0:00  Drone  
  13  0:12  Overlord  
  13  0:17  Drone  
  14  0:31  Drone x2  
  14  0:34  Drone  
  17  0:51  Hatchery  
  17  0:53  Drone  
  17  0:57  Drone  
  18  1:12  Extractor  
  18  1:13  Spawning Pool  
  18  1:16  Drone  
  17  1:23  Drone  
  18  1:37  Drone  
  19  1:47  Drone  
  20  1:59  Queen  
  22  2:01  Overlord  
  22  2:02  Queen  
  22  2:04  Zergling x4  
  26  2:12  Drone  
  27  2:22  Zergling x4  
  29  2:28  Zergling x2  
  30  2:41  Drone x2  
  32  2:52  Drone x2  
  33  3:03  Drone  
  33  3:04  Drone  
  33  3:05  Overlord  
  35  3:06  Hatchery  
  35  3:12  Overlord x2  
  34  3:14  Drone  
  35  3:23  Queen  
  35  3:25  Drone  
  38  3:29  Metabolic Boost  
  38  3:32  Drone  
  39  3:48  Drone x5  
  44  3:58  Baneling Nest  
  44  3:59  Lair  
  43  4:12  Zergling x12  
  49  4:23  Drone  
  49  4:24  Drone  
  50  4:25  Evolution Chamber  
  50  4:26  Evolution Chamber  
  50  4:30  Zergling x8  
  49  4:40  Queen x2  
  49  4:42  Zergling x4  
  48  5:03  Zergling x22  
  56  5:08  Baneling x4  
  55  5:17  Drone  
  55  5:26  Zergling x10  
  45  6:08  Overlord x3  
  45  6:13  Baneling x2  
  45  6:21  Overlord  
Show
View Real Time Build Order
Export as new Build Order

woody Terran - Winner!

Build Orders:  

Get SALT Encoding   

  12  0:00  SCV  
  13  0:12  SCV  
  14  0:19  Supply Depot  
  14  0:24  SCV  
  15  0:41  SCV  
  15  0:42  Barracks  
  16  0:46  Refinery  
  16  0:53  SCV  
  17  1:05  SCV  
  18  1:17  SCV  
  19  1:32  Orbital Command  
  19  1:41  Barracks Reactor  
  19  1:47  Command Center  
  19  1:58  Supply Depot, SCV  
  20  2:10  SCV  
  21  2:15  Factory  
  21  2:17  Marine  
  21  2:18  Marine  
  23  2:23  SCV  
  24  2:33  Refinery  
  24  2:35  Marine x2, SCV  
  27  2:47  SCV  
  30  2:59  SCV  
  30  3:03  Starport  
  29  3:05  Orbital Command  
  29  3:08  Hellion  
  29  3:09  Hellion  
  29  3:11  SCV  
  34  3:23  Marine, SCV  
  34  3:24  Supply Depot  
  36  3:30  Supply Depot  
  36  3:31  Hellion  
  36  3:33  SCV  
  39  3:36  Hellion  
  39  3:41  Marine, Medivac  
  44  3:52  SCV  
  44  3:54  Armory  
  45  3:57  Supply Depot  
  45  3:59  Supply Depot  
  45  4:02  Hellion  
  47  4:04  Hellion  
  47  4:05  Marine  
  47  4:08  SCV  
  47  4:09  SCV  
  52  4:15  Liberator  
  55  4:34  SCV x2  
  57  4:39  Command Center  
  57  4:42  Refinery  
  57  4:43  Refinery, Barracks Tech Lab  
  57  4:46  SCV  
  54  5:08  SCV x2  
  54  5:09  Widow Mine x2  
  54  5:10  Stimpack, Liberator  
  54  5:11  Marine  
  64  5:14  Barracks  
  64  5:17  Barracks  
  64  5:30  SCV x2  
  66  5:42  SCV x2  
  57  5:54  SCV x2  
  55  6:01  Widow Mine x2  
  55  6:02  Barracks Tech Lab  
  59  6:05  Engineering Bay  
  59  6:06  Engineering Bay, SCV x2  
  59  6:07  Barracks Reactor  
  60  6:18  SCV x2  
  60  6:19  Starport Reactor  
  60  6:20  Orbital Command  
  62  6:30  SCV x2  
  64  6:33  Marine  
  64  6:39  Barracks  
  65  6:40  Barracks  
  65  6:41  Barracks  
  65  6:42  SCV  
Tags
 
Matchup
TvZ
Replay Pack
Myownreplay2
Spawn Locations
Cross Positions
Add a new tag
Caveats
  • Supply blocks, unpowered buildings, or Contaminate may cause inaccurate times.
  • Supply counts are checked every 10 seconds.